 Dungeon Crawl Stone Soup version 0.22-a0-533-g4d20840 (webtiles) character file.

35 iamserjio the Charmwright (level 3, 1/31 HPs)
             Began as a Gnoll Skald on June 22, 2018.
             Quit the game on level 2 of the Dungeon.
             The game lasted 00:03:07 (250 turns).

iamserjio the Charmwright (Gnoll Skald)              Turns: 250, Time: 00:03:08

Health: 1/31       AC:  3    Str: 13    XL:     3   Next: 35%
Magic:  0/9        EV: 14    Int: 16    God:
Gold:   105        SH:  0    Dex: 14    Spells: 9/12 levels left

rFire    . . .     SeeInvis .   a - +0 hand axe
rCold    . . .     Gourm    .   (no shield)
rNeg     . . .     Faith    .   b - +0 leather armour
rPois    .         Spirit   +   (no helmet)
rElec    .         Reflect  .   f - scarf {Spirit}
rCorr    .         Harm     .   (no gloves)
MR       .....                  (no boots)
Stlth    +.........             (no amulet)
HPRegen  0.10/turn              (no ring)
MPRegen  0.11/turn              (no ring)

@: lethally poisoned (1 -> -2), infused
A: distributed training, fangs 1, strong nose
a: no special abilities


You were on level 2 of the Dungeon.
You were not hungry.

You visited 1 branch of the dungeon, and saw 2 of its levels.

You collected 105 gold pieces.

Inventory:

Hand Weapons
 a - a +0 hand axe (weapon)
 c - a +0 dagger of venom
Missiles
 g - 20 stones (quivered)
Armour
 b - a +0 leather armour (worn)
 f - a scarf of spirit shield (worn)
Scrolls
 e - a scroll of noise {unknown}
 h - a scroll of identify {unknown}
Comestibles
 d - 2 rations


   Skills:
 + Level 4.5 Fighting
 + Level 0.7 Short Blades
 + Level 0.7 Long Blades
 + Level 4.5 Axes
 + Level 0.7 Maces & Flails
 + Level 0.7 Polearms
 + Level 0.7 Staves
 + Level 0.7 Slings
 + Level 0.7 Bows
 + Level 0.7 Crossbows
 + Level 0.7 Throwing
 + Level 2.6 Armour
 + Level 4.5 Dodging
 + Level 0.7 Stealth
 + Level 0.7 Shields
 + Level 0.7 Unarmed Combat
 + Level 5.0 Spellcasting
 + Level 0.5 Conjurations
 + Level 0.5 Hexes
 + Level 5.4 Charms
 + Level 0.5 Summonings
 + Level 0.5 Necromancy
 + Level 0.5 Translocations
 + Level 0.5 Transmutations
 + Level 0.5 Fire Magic
 + Level 0.5 Ice Magic
 + Level 0.5 Air Magic
 + Level 0.5 Earth Magic
 + Level 0.5 Poison Magic
 + Level 0.9 Invocations
 + Level 0.7 Evocations


You had 9 spell levels left.
You knew the following spells:

 Your Spells              Type           Power        Failure   Level  Hunger
a - Infusion              Chrm           ###.         1%          1    None
b - Song of Slaying       Chrm           ###.....     3%          2    #......

Your spell library contained the following spells:

 Spells                   Type           Power        Failure   Level  Hunger
 Regeneration             Chrm/Necr      ##........   17%         3    ###....
 Shroud of Golubria       Chrm/Tloc      ##........   9%          2    #......
 Spectral Weapon          Hex/Chrm       ##......     17%         3    ###....


Dungeon Overview and Level Annotations

Branches:
Dungeon (2/15)

Altars:


Innate Abilities, Weirdness & Mutations

Your experience applies equally to all skills.
You have very sharp teeth.
Your uncanny sense of smell can sniff out nearby items.


Message History

* * * LOW HITPOINT WARNING * * *
You feel sick.
You aren't carrying any potions.
* * * LOW HITPOINT WARNING * * *
You feel sick.
You see here an adder corpse.
Wear which item? (? for menu, Esc to quit)
Keep equipping yourself?
* * * LOW HITPOINT WARNING * * *
You feel sick.
You start putting on your armour.
You continue putting on your scarf of spirit shield. x2
* * * LOW HITPOINT WARNING * * *
You feel sick.
You continue putting on your scarf of spirit shield. x2
You finish putting on your scarf of spirit shield.
You feel your power drawn to a protective spirit.
Quiver which item? (- for none, * to show all) (? for menu, Esc to quit)
Okay, then.
Are you sure you want to abandon this character and quit the game? (Confirm with "yes".)

..#### ##.##....
......##.......>.
#..†..##.....
#..#.## ....
#..#.# ### #..#.#
#.†#.# #....#
##..@# ###.# #.#
#.# #.. ###


There were no monsters in sight!

Vanquished Creatures
  An adder (D:2)
  A worm (D:2)
  2 dart slugs (D:1)
  4 goblins (D:1)
  2 hobgoblins (D:1)
  2 jackals (D:2)
  2 quokkas (D:2)
  2 bats
  A frilled lizard (D:2)
  A kobold (D:2)
  A rat (D:1)
  A fungus (D:1)
20 creatures vanquished.

Notes
Turn   | Place    | Note
-------+----------+-------------------------------------------
     0 | D:1      | iamserjio the Gnoll Skald began the quest for the Orb.
     0 | D:1      | Reached XP level 1. HP: 20/20 MP: 6/6
    34 | D:1      | Reached XP level 2. HP: 14/26 MP: 0/7
   157 | D:2      | Learned a level 2 spell: Song of Slaying
   209 | D:1      | Reached XP level 3. HP: 7/31 MP: 6/9
   234 | D:2      | Reached skill level 5 in Spellcasting
   245 | D:2      | HP: 1/31 [poisoned by an adder]
   250 | D:2      | Quit the game

Vault maps used:
D:1:      minmay_arrival_open_corners, minmay_gold_behind_fungi
D:2:      corexii_shack

Skill      XL: |  1  2  3 |
---------------+----------+-----
Spellcasting   | 5 |  5.0
Fighting       | |  4.5
Short Blades   | |  0.7
Long Blades    | |  0.7
Axes           | |  4.5
Maces & Flails | |  0.7
Polearms       | |  0.7
Staves         | |  0.7
Slings         | |  0.7
Bows           | |  0.7
Crossbows      | |  0.7
Throwing       | |  0.7
Armour         | |  2.6
Dodging        | |  4.5
Stealth        | |  0.7
Shields        | |  0.7
Unarmed Combat | |  0.7
Conjurations   | |  0.5
Hexes          | |  0.5
Charms         | |  5.4
Summonings     | |  0.5
Necromancy     | |  0.5
Translocations | |  0.5
Transmutations | |  0.5
Fire Magic     | |  0.5
Ice Magic      | |  0.5
Air Magic      | |  0.5
Earth Magic    | |  0.5
Poison Magic   | |  0.5
Invocations    | |  0.9
Evocations     | |  0.7

Action                   || total
-------------------------++-------
Melee: Hand axe          ||    80
       Bite              ||    15
 Cast: Infusion          ||     2
       Song of Slaying   ||     1
Armor: Leather armour    ||    13
Dodge: Dodged            ||    41

Table legend:
 A = Spawn XP
 B = Non-spawn XP
 C = Spawn XP percentage of total XP
 D = Spawn monster count
 E = Non-spawn monster count
 F = Spawn count percentage of total count
 G = Total turns spent on level
                    A         B        C        D         E        F      G
               +---------+---------+-------+---------+---------+-------+---------
         Total |       0 |      51 |   0.0 |       0 |      19 |   0.0 |   250
               +---------+---------+-------+---------+---------+-------+---------
           D:1 |       0 |      22 |   0.0 |       0 |      10 |   0.0 |   136
           D:2 |       0 |      29 |   0.0 |       0 |       9 |   0.0 |   114
               +---------+---------+-------+---------+---------+-------+---------
